cohdb
Replays
Latest Replays
All Replays
Popular Replays
Top Player Replays
Match Explorer
How It Works
Community
CoH3 Stats
Reddit
Sign in to upload your games and track your stats! →
Sign in with Steam
Match 41334957
Unlisted
Match 41334957
Overview
Messages
Build Orders
End
Selects Armored Battlegroup
Selects Veteran Crews
Construct Barracks
1⁄4-ton 4x4 Truck
Riflemen Squad
Riflemen Squad
Grenade Package
Construct Medical Station
M1 Mortar Team
Riflemen Squad
Mechanized Support Center
Construct Motor Pool
1⁄4-ton 4x4 Truck
M3 75 mm Gun Motor Carriage
Designate Forward Repair Station
Spychy
Dietr
GEORGE LITTLEHOOF
CPT. ZUGLUFT
0
0
Comments
sign in to comment!
No comments posted yet!